 Dungeon Crawl Stone Soup version 0.19.1 (webtiles) character file.

616 Eefwee the Firebug (level 7, -5/58 HPs)
             Began as a Pale Draconian Fire Elementalist on Feb 2, 2017.
             Slain by a gnoll
             ... wielding a +0 flail
              (7 damage)
             ... on level 4 of the Dungeon.
             The game lasted 01:02:12 (6677 turns).

Eefwee the Firebug (DrFE)                           Turns: 6677, Time: 01:02:12

Health: -5/58      AC:  7    Str: 11    XL:     7   Next: 21%
Magic:  2/12       EV: 13    Int: 22    God:
Gold:   163        SH:  0    Dex: 11    Spells: 1 memorised, 12 levels left

rFire  . . .     SeeInvis .     v - +1 dagger (protect)
rCold  . . .     Gourm    .     (armour unavailable)
rNeg   . . .     Faith    .     (no shield)
rPois  .         Spirit   .     (helmet restricted)
rElec  .         Reflect  .     (no cloak)
rCorr  .         Harm     .     l - +0 pair of gloves
MR     .....                    (no boots)
Stlth  ++........               (no amulet)
                                (no ring)
                                (no ring)

@: brilliant, flying
A: breathe steam, unfitting armour, cold-blooded, AC +6
a: Breathe Steam


You were on level 4 of the Dungeon.
You were very hungry.

You visited 1 branch of the dungeon, and saw 4 of its levels.

You collected 163 gold pieces.

Inventory:

Hand Weapons
 i - a +0 short sword
 j - a +0 rapier
 v - a +1 dagger of protection (weapon)
 w - a +1 vampiric spear
 x - a +2 dagger of holy wrath
 A - a +0 short sword of venom
 J - a cursed -1 dagger
 O - a +2 quarterstaff of chaos
Armour
 g - a +0 helmet
 l - a +0 pair of gloves (worn)
 m - a +0 ring mail
 r - a +0 chain mail
 P - a +2 cloak of poison resistance
Jewellery
 e - a cursed -2 ring of protection {unknown}
 o - an uncursed amulet of faith {unknown}
 s - a cursed ring of teleportation {unknown}
 D - a +3 ring of strength {unknown}
 M - a cursed ring of loudness {unknown}
Scrolls
 d - 2 scrolls of enchant armour {unknown}
 f - 3 scrolls of identify {unknown}
 q - a scroll of remove curse {unknown}
 y - a scroll of amnesia {unknown}
 z - a scroll of fog {unknown}
 G - 2 scrolls of magic mapping {unknown}
 H - a scroll of teleportation {unknown}
 K - a scroll of immolation {unknown}
 N - a scroll of enchant weapon {unknown}
Potions
 c - a potion of lignification {unknown}
 k - a potion of berserk rage {unknown}
 n - 2 potions of flight
 p - a potion of resistance {unknown}
 t - 2 potions of curing
 I - 2 potions of might {unknown}
Books
 a - a book of Flames

   Spells                             Type                      Level
   a - Flame Tongue                   Conjuration/Fire             1
   b - Throw Flame                    Conjuration/Fire             2
   c - Conjure Flame                  Conjuration/Fire             3
   d - Inner Flame                    Hexes/Fire                   3
   e - Sticky Flame                   Conjuration/Fire             4
   f - Fireball                       Conjuration/Fire             5
Comestibles
 b - 3 bread rations
 u - 2 meat rations
 C - a beef jerky


   Skills:
 + Level 3.8 Fighting
 + Level 3.4 Dodging
 + Level 3.6 Stealth
 + Level 3.8 Spellcasting
 - Level 1.0 Conjurations
 + Level 4.9 Fire Magic


You had 12 spell levels left.
You knew the following spells:

 Your Spells              Type           Power        Failure   Level  Hunger
a - Flame Tongue          Conj/Fire      ####.        1%          1    None


Dungeon Overview and Level Annotations

Branches:
Dungeon (4/15)
 Temple: D:4-7

Altars:
Ashenzari
Hepliaklqana
Kikubaaqudgha
Nemelex Xobeh


Innate Abilities, Weirdness & Mutations

You can breathe blasts of scalding, opaque steam.
Your pale cyan-grey scales are hard. (AC +6)
You cannot fit into any form of body armour.
You are cold-blooded and may be slowed by cold attacks.


Message History

The gnoll misses you. The gnoll shaman hits you with a club.
* * * LOW HITPOINT WARNING * * *
The gnoll is no longer moving quickly.
You see here an adder corpse.
The gnoll shaman misses you. The gnoll hits you with a flail.
* * * LOW HITPOINT WARNING * * *
The gnoll shaman hits you with a club.
* * * LOW HITPOINT WARNING * * *
It was a potion of brilliance.
You feel clever all of a sudden.
The gnoll shaman calls upon its god to speed up the gnoll.
The gnoll seems to speed up.
The gnoll hits you but does no damage.
It was a potion of flight.
You feel very buoyant.
You fly up into the air.
The gnoll shaman hits you with a club.
* * * LOW HITPOINT WARNING * * *
The gnoll hits you but does no damage. The gnoll hits you with a flail!
You die...

.#########...######..#
## .# ##..#######.#
##. #. #...)...##.#
##.. . ####.##.##.####
####..# .
#.##.##....###....##
#.##..####.....####
#..##)# ###..##
##.##.# #........
#.@#.#### #.#######
##g#....###.#
#g####.#...# #..#
#...### ##.# #.....#
#.###..##.#####
#..#..###.....###
##..†## #####..##
##..# ##.#.


You could see a gnoll shaman and a gnoll.

Vanquished Creatures
  Eustachio (D:4)
  Purgy (D:3)
  A crimson imp (D:3)
  An orc priest (D:3)
  Jessica (D:2)
  Crazy Yiuf (D:3)
  Natasha (D:4)
  Terence (D:3)
  9 adders
  3 gnolls
  An ooze (D:1)
  A dart slug (D:2)
  2 leopard geckos
  13 orcs
  5 bats
  A giant cockroach (D:2)
  12 goblins
  9 hobgoblins
  11 kobolds
  4 quokkas
  4 ball pythons
  3 frilled lizards
  4 rats
  A fungus (D:3)
91 creatures vanquished.

Notes
Turn   | Place    | Note
-------+----------+-------------------------------------------
     0 | D:1      | Eefwee the Draconian Fire Elementalist began the quest for the Orb.
     0 | D:1      | Reached XP level 1. HP: 14/14 MP: 3/3
   761 | D:1      | Reached XP level 2. HP: 20/20 MP: 1/5
  1159 | D:1      | Reached XP level 3. HP: 24/27 MP: 4/6
  1974 | D:2      | Found a shattered altar of Ashenzari.
  2124 | D:2      | Found an ancient bone altar of Kikubaaqudgha.
  2136 | D:2      | Reached skill level 1 in Fighting
  2448 | D:2      | Reached XP level 4. HP: 11/35 MP: 2/8
  2720 | D:2      | Found a hazy altar of Hepliaklqana.
  2801 | D:2      | Noticed Jessica
  2856 | D:2      | Killed Jessica
  3368 | D:3      | Noticed Terence
  3609 | D:3      | Killed Terence
  3609 | D:3      | Reached XP level 5. HP: 18/42 MP: 6/9
  4402 | D:3      | Noticed Purgy
  4443 | D:3      | Killed Purgy
  4443 | D:3      | Reached skill level 4 in Fire Magic
  4443 | D:3      | Reached XP level 6. HP: 24/51 MP: 0/11
  5036 | D:3      | Found a sparkling altar of Nemelex Xobeh.
  5194 | D:3      | Found a runed door.
  5198 | D:3      | Noticed Crazy Yiuf
  5215 | D:3      | Killed Crazy Yiuf
  6004 | D:4      | Noticed Natasha
  6018 | D:4      | Killed Natasha
  6339 | D:4      | Noticed Eustachio
  6404 | D:4      | Killed Eustachio
  6404 | D:4      | Your scales start taking on a pale cyan-grey colour.
  6404 | D:4      | Reached XP level 7. HP: 40/58 MP: 0/12
  6675 | D:4      | HP: 2/58 [gnoll shaman/club (6)]
  6677 | D:4      | Slain by a gnoll

Skill      XL: |  1  2  3  4  5  6 |
---------------+-------------------+-----
Stealth        | 2 3 |  3.6
Dodging        | 2 3 |  3.4
Fighting       | 1 2 3 |  3.8
Spellcasting   | 3 |  3.8
Fire Magic     | 4 |  4.9
Conjurations   | |  1.0

Action                   |  1- 3 |  4- 6 |  7- 9 || total
-------------------------+-------+-------+-------++-------
Melee: Unarmed           |    34 |       |       ||    34
       Tailslap          |     3 |    19 |     2 ||    24
       Short sword       |    37 |    22 |       ||    59
       Dagger            |     9 |   194 |    42 ||   245
 Cast: Flame Tongue      |    45 |   101 |    22 ||   168
  Use: Potion            |       |       |     2 ||     2
 Stab: Sleeping          |     3 |     2 |       ||     5
  Eat: Bread ration      |     2 |     1 |       ||     3
       Meat ration       |       |     1 |       ||     1
Armor: Skin              |    29 |   116 |    16 ||   161
Dodge: Dodged            |    63 |   187 |    32 ||   282
